 Dungeon Crawl Stone Soup version 0.29-a0-321-gf1c400731a (webtiles) character file.

Game seed: 10935255159315056194

62 Murumi the Sneak (level 3, -2/23 HPs)
             Began as a Vampire Monk on Apr 5, 2022.
             Killed from afar by an orc wizard (6 damage)
             ... with a magic dart
             ... on level 4 of the Dungeon.
             The game lasted 00:05:36 (1725 turns).

Murumi the Sneak (Vampire Monk)                     Turns: 1725, Time: 00:05:37

Health: -2/23      AC:  6    Str: 10    XL:     3   Next: 85%
Magic:  3/3        EV: 12    Int: 12    God:
Gold:   70         SH:  0    Dex: 18    Spells: 2/2 levels left

rFire   + + .      SeeInvis +   a - +0 falchion
rCold   + . .      Faith    .   (no shield)
rNeg    + + +      Spirit   .   i - +0 ring mail
rPois   ∞          Reflect  .   b - +0 helmet
rElec   .          Harm     .   (no cloak)
rCorr   .          Rampage  .   (no gloves)
Will    .....                   (no boots)
Stlth   ++++......              (no amulet)
HPRegen 0.00/turn               e - ring of fire
MPRegen 0.08/turn               j - ring of protection from fire

@: bloodless, inhibited regen, hasted, very quick
A: bloodless, fangs 3, see invisible, vampiric 2
a: Bat Form, Revivify


You were on level 4 of the Dungeon.
You visited 1 branch of the dungeon, and saw 3 of its levels.

You collected 70 gold pieces.

Inventory:

Hand Weapons
 a - a +0 falchion (weapon)
 f - a +0 hunting sling
Armour
 b - a +0 helmet (worn)
 i - a +0 ring mail (worn)
Jewellery
 e - a ring of fire (left hand)
 j - a ring of protection from fire (right hand)
Potions
 c - a potion of ambrosia
 d - 2 potions of haste
 g - a potion of brilliance {unknown}
 h - a potion of heal wounds {unknown}
 k - a potion of degeneration {unknown}
 l - a potion of mutation {unknown}


   Skills:
 - Level 3.0 Fighting
 - Level 3.0 Long Blades
 - Level 1.0 Slings
 - Level 1.0 Armour
 - Level 4.0 Dodging
 + Level 4.2 Stealth


You had 2 spell levels left.
You didn't know any spells.
Your spell library was empty.

Dungeon Overview and Level Annotations

Branches:
Dungeon (2/15)

Altars:
Gozag

Annotations:
D:2 Sigmund


Innate Abilities, Weirdness & Mutations

You do not regenerate when monsters are visible.
You are frail without blood (-20% HP).
You can heal yourself when you bite living creatures.
You are immune to poison.
You have razor-sharp teeth.
You have supernaturally acute eyesight. (SInv)
You are afflicted with vampirism and can become a bat while bloodless.


Message History

Your Stealth skill increases to level 4!
You need to enable at least one skill for training.
An orc is nearby!
You shoot a sling bullet. The orc shouts!
The sling bullet hits the orc.
The orc is lightly wounded.
You shoot a sling bullet. The sling bullet barely misses the orc.
The orc hits you from afar with a +0 trident.
a - a +0 falchion (weapon)
The orc hits you from afar with a +0 trident!
You are too injured to fight recklessly!
The orc misses you.
You hit the orc but do no damage.
The orc is lightly wounded.
An orc wizard comes into view. It is wielding a +0 dagger.
The orc hits you but does no damage.
The orc warrior shouts!
The orc wizard shouts!
You slash the orc!
You kill the orc!
You hear a shout!
As you read the scroll of teleportation, it crumbles to dust.
You feel strangely unstable.
An orc comes into view. It is wielding a +0 club.
Found a stone staircase leading up.
You see here a +0 trident.
The orc wizard attacks as you move away!
The orc wizard hits you but does no damage.
Found a stone staircase leading down.
The orc wizard gestures wildly while chanting.
The orc wizard flickers and vanishes for a moment.
Your surroundings suddenly seem different.
The orc warrior hits you with a +0 glaive.
* * * LOW HITPOINT WARNING * * *
The orc warrior closely misses you.
It was a potion of haste.
You feel yourself speed up. The orc warrior misses you.
The orc wizard points at you and mumbles some strange words.
The magic dart hits you.
You die...

#....#.##...)..#
##.#.#.##.####.#
#######.#o#.##.# #.#
#..............# #.#
#..........########.#
#>.....o..........[.#
#..........##########
#..........#
#.>....@...#
..#####.#### . #.#
#.################
#......(..........
##################
...### ......


You could see an orc warrior and an orc wizard (invisible).

Vanquished Creatures
  Robin (D:1)
  A worm (D:2)
  A dart slug (D:4)
  An orc (D:4)
  A bat (D:1)
  6 endoplasms
  3 giant cockroaches
  9 goblins
  2 hobgoblins
  2 jackals (D:2)
  2 quokkas
  3 ball pythons (D:1)
  A frilled lizard (D:1)
  5 kobolds
  A rat (D:1)
39 creatures vanquished.

Notes
Turn   | Place    | Note
-------+----------+-------------------------------------------
     0 | D:1      | Murumi the Vampire Monk began the quest for the Orb.
     0 | D:1      | Reached XP level 1. HP: 17/17 MP: 1/1
   268 | D:1      | Reached XP level 2. HP: 19/19 MP: 2/2
   375 | D:1      | Found a faded altar of an unknown god.
   764 | D:2      | Noticed Robin
  1030 | D:2      | Reached skill level 1 in Slings
  1034 | D:2      | Gained mutation: You are afflicted with vampirism and can
                  | become a bat while bloodless. [Vampire growth]
  1034 | D:2      | Reached XP level 3. HP: 19/23 MP: 3/3
  1054 | D:2      | Noticed Sigmund
  1237 | D:1      | Killed Robin
  1238 | D:1      | Reached skill level 1 in Armour
  1422 | D:2      | Found an opulent altar of Gozag.
  1500 | D:2      | You fall into a shaft and drop 2 floors!
  1690 | D:4      | Noticed an orc warrior
  1725 | D:4      | Killed from afar by an orc wizard

Illustrated notes

Levels and vault maps discovered:
D:1:      sevenhm_arrival_forest_fort_large_4, layout_rooms,
          hellmonk_ecumenical_altar_pennies_from_heaven
D:2:      layout_basic, basic_altar, uniq_jessica, uniq_robin, uniq_sigmund
D:4:      minmay_octagon_keep, layout_basic, dreamdust_gnoll_farm

Skill      XL: |  1  2  3 |
---------------+----------+-----
Fighting       | 3 |  3.0
Dodging        | 4 |  4.0
Slings         | 1 |  1.0
Armour         | 1 |  1.0
Stealth        | 4 |  4.2
Long Blades    | |  3.0

Action                   || total
-------------------------++-------
Melee: Falchion          ||    80
       Bite              ||    11
 Fire: Hunting sling     ||    28
 Abil: Exsanguinate      ||     1
  Use: Scroll            ||     4
       Potion            ||     1
 Stab: Sleeping          ||    11
Armor: Robe              ||    16
       Ring mail         ||    19
Dodge: Dodged            ||    69

Table legend: (Time is in decaauts)
 A = Elapsed time spent in this place.
 B = Non-inter-level travel time spent in this place.
 C = Inter-level travel time spent in this place.
 D = Time resting spent in this place.
 E = Time spent auto-exploring this place.
 F = Levels seen in this place.
 G = Mean time per level.
                   A        B        C        D        E       F      G
               +--------+--------+--------+--------+--------+-----+--------+
         Total |   1752 |   1645 |    107 |    318 |    944 |   3 |  584.0 |
       Dungeon |   1752 |   1645 |    107 |    318 |    944 |   3 |  584.0 |
               +--------+--------+--------+--------+--------+-----+--------+

Top non-repeatable levels by time:
     D:1: 1267 daAuts
     D:2: 255 daAuts
     D:4: 230 daAuts
